 Dungeon Crawl Stone Soup version 0.30.1-11-g7821555f0a (webtiles) character file.

Game seed: 743464781728917490

163 bnorton916 the Conjurer (level 5, -2/28 HPs)
             Began as a Deep Elf Conjurer on Jan 8, 2024.
             Succumbed to a kobold brigand's poison
             ... in a sewer.
             The game lasted 00:04:18 (2816 turns).

bnorton916 the Conjurer (Deep Elf Conjurer)         Turns: 2816, Time: 00:04:18

Health: -2/28      AC:  2    Str:  4    XL:     5   Next: 20%
Magic:  1/15       EV: 12    Int: 25    God:
Gold:   205        SH:  0    Dex: 13    Spells: 4/15 levels left

rFire   . . .        (no weapon)
rCold   . . .        (no shield)
rNeg    . . .        a - +0 robe
rPois   .            (no helmet)
rElec   .            (no cloak)
rCorr   .            (no gloves)
SInv    .            (no boots)
Will    .....        (no amulet)
Stlth   ++           (no ring)
HPRegen 0.24/turn    (no ring)
MPRegen 0.14/turn

%: no passive effects
@: mighty, lethally poisoned (-2 -> -18)
A: no striking features
a: no special abilities


You were in a sewer.
You visited 1 branch of the dungeon, and saw 4 of its levels.
You also visited: Sewer.

You collected 205 gold pieces.

Inventory:

Armour
 a - a +0 robe (worn)
Jewellery
 h - a ring of fire
Scrolls
 l - a scroll of magic mapping
 m - 3 scrolls of immolation
Potions
 b - a potion of magic
 c - 3 potions of mutation
 f - a potion of flight
 g - a potion of lignification
 i - 3 potions of attraction
 j - a potion of brilliance {unknown}
 k - 3 potions of curing {unknown}
 n - 2 potions of cancellation {unknown}
 o - a potion of heal wounds {unknown}


   Skills:
 - Level 2.4 Dodging
 - Level 2.4 Stealth
 + Level 5.6 Spellcasting
 + Level 5.9 Conjurations


You had 4 spell levels left.
You knew the following spells:

 Your Spells              Type           Power      Damage    Failure   Level
a - Magic Dart            Conj           100%       1d8       1%          1
b - Searing Ray           Conj           72%        2d7       1%          2
c - Iskenderun's Mystic   Conj/Tloc      21%        2d6       22%         4
d - Fulminant Prism       Conj/Hex       10%        3d9       22%         4

Your spell library contained the following spells:

 Spells                   Type           Power      Damage    Failure   Level
 Dazzling Flash           Conj/Hex       42%        N/A       7%          3
 Summon Small Mammal      Summ           28%        N/A       8%          1
 Call Canine Familiar     Summ           7%         N/A       24%         3
 Summon Guardian Golem    Hex/Summ       7%         N/A       24%         3


Dungeon Overview and Level Annotations

Branches:
Dungeon (4/15)             Temple (0/1) D:4           Sewer (1/1)

Altars:
Nemelex Xobeh
Uskayaw

Shops:
D:2 [


Message History

Casting: Iskenderun's Mystic Blast (extremely dangerous; 22% risk of failure)
Confirm with . or Enter, or press ? or * to list all spells.
The spell is extremely dangerous to miscast (22% risk of failure)!
Continue anyway?
You erupt in a blast of force!
The mystic blast hits the kobold brigand!
The kobold brigand is almost dead.
The kobold brigand is knocked back by the mystic blast.
The mystic blast hits the kobold brigand.
The kobold brigand is heavily wounded.
The kobold brigand is knocked back by the mystic blast.
The kobold brigand slams into the rock wall!
The kobold brigand is severely wounded.
You feel sick.
The kobold brigand throws a poisoned dart.
The poisoned dart hits you!
You are more poisoned.
Unknown command.
Unknown command.
Unknown command.
Casting: Iskenderun's Mystic Blast (extremely dangerous; 22% risk of failure)
Confirm with . or Enter, or press ? or * to list all spells.
Aiming: Searing Ray (safe; 1% risk of failure)
Press: ? - help, Shift-Dir - straight line, f - kobold brigand
Aim: a kobold brigand, wielding a +0 short sword and quivering poisoned darts (severely wounded, 76% to hit)
The searing ray misses the kobold brigand. (Press . to maintain the ray.)
You feel very sick.
The kobold brigand throws a poisoned dart.
The poisoned dart hits you!
You are lethally poisoned!
The searing ray hits the kobold brigand!
The kobold brigand is almost dead.
You feel very sick.
An adder comes into view.
The kobold brigand hits you with a +0 short sword!
* * * LOW HITPOINT WARNING * * *
Unknown command.
It was a potion of might.
You feel very mighty all of a sudden.
You die...

### ### !.#.!
..... ##...##
..K.. ... ≈
###)####≈#≈
#.K@~~≈≈≈≈≈
##...~~≈≈≈≈≈
#....~~≈≈≈≈≈
#....~~≈≈≈≈≈
##...~~≈≈≈≈S
#....≈≈≈≈≈≈
##....≈≈≈≈≈r
##....~~~≈≈≈~
#.....~~~≈≈≈~


You could see 2 kobold brigands, an adder (wandering) and a rat.

Vanquished Creatures
  An iguana (D:4)
  Terence (D:3)
  2 adders (D:4)
  3 river rats
  3 worms (D:4)
  2 dart slugs (D:1)
  3 ball pythons
  3 bats (D:1)
  4 endoplasms
  A giant cockroach (D:2)
  5 goblins
  6 hobgoblins
  3 quokkas
  3 frilled lizards
  7 kobolds
  10 rats
57 creatures vanquished.

Notes
Turn   | Place    | Note
-------+----------+-------------------------------------------
     0 | D:1      | bnorton916 the Deep Elf Conjurer began the quest for the
                  | Orb.
     0 | D:1      | Reached XP level 1. HP: 10/10 MP: 6/6
   192 | D:1      | Reached XP level 2. HP: 15/15 MP: 5/8
   624 | D:1      | Learned a level 2 spell: Searing Ray
  1006 | D:2      | Found Hibeel's Antique Armour Emporium.
  1066 | D:2      | Reached skill level 5 in Conjurations
  1067 | D:2      | Reached XP level 3. HP: 19/19 MP: 6/10
  1488 | D:2      | Found a sparkling altar of Nemelex Xobeh.
  1742 | D:3      | Found a hide-covered altar of Uskayaw.
  1901 | D:3      | Noticed Terence
  1905 | D:3      | Killed Terence
  1906 | D:3      | Reached XP level 4. HP: 24/24 MP: 5/12
  2381 | D:4      | Reached skill level 5 in Spellcasting
  2609 | D:4      | Reached XP level 5. HP: 24/28 MP: 9/14
  2662 | D:4      | Found a glowing drain.
  2731 | Sewer    | Entered a sewer
  2751 | Sewer    | Learned a level 4 spell: Fulminant Prism
  2756 | Sewer    | Learned a level 4 spell: Iskenderun's Mystic Blast
  2816 | Sewer    | Succumbed to a kobold brigand's poison

Illustrated notes

Levels and vault maps discovered:
D:1:      dpeg_arrival_more_subterranean_lakeside_camping, layout_loops_ring,
          bh_walls_and_bars
D:2:      layout_rooms, serial_shops, nicolae_shop_advertising_works
          [nicolae_subvault_shop_adworks], basic_altar
D:3:      layout_loops_cross, lemuel_crystal_altar, uniq_terence
D:4:      layout_gridville, okawaru_trees_1, nicolae_ru_path_of_blood,
          minmay_temple_entry_purple_smoke, lightli_sewer_entry_pipes
Sewer:    sewer_minmay_treatment

Skill      XL: |  1  2  3  4 |
---------------+-------------+-----
Spellcasting   | 4 5 |  5.6
Conjurations   | 5 |  5.9
Dodging        | |  2.4
Stealth        | |  2.4

Action                     |  1- 3 |  4- 6 || total
---------------------------+-------+-------++-------
  Melee: Unarmed           |       |     8 ||     8
   Cast: Magic Dart        |    60 |    22 ||    82
         Searing Ray       |     3 |    10 ||    13
         Iskenderun's Myst |       |     2 ||     2
    Use: Scroll            |       |     7 ||     7
         Potion            |       |     1 ||     1
 Armour: Robe              |     1 |     4 ||     5
  Dodge: Dodged            |     4 |    16 ||    20
